 Dungeon Crawl Stone Soup version 0.24.0-1-gfbc8707122 (webtiles) character file.

Game seed: 3369881252664910058, levelgen mode: deterministic

2423803 MeekVeins the Conqueror (level 27, 211/245 HPs)
             Began as a Minotaur Fighter on Oct 25, 2019.
             Was the Champion of Ru.
             Escaped with the Orb
             ... and 4 runes!
             The game lasted 02:05:16 (66125 turns).

MeekVeins the Conqueror (Minotaur Fighter)         Turns: 66125, Time: 02:05:16

Health: 211/245    AC: 36    Str: 35    XL:     27
Magic:  17/17      EV: 28    Int:  5    God:    Ru [******]
Gold:   3403       SH: 21    Dex: 13    Spells: 26/26 levels left

rFire    + . .     SeeInvis .   a - +9 broad axe (elec)
rCold    . . .     Gourm    .   P - +2 shield of Lidi {rN+}
rNeg     + + .     Faith    .   O - +4 gold dragon scales
rPois    +         Spirit   .   V - +1 hat
rElec    .         Reflect  +   o - +2 cloak
rCorr    .         Harm     .   y - +2 pair of gloves
MR       +++..     Clarity  +   C - +0 pair of boots {run}
Stlth    ..........             p - amulet "Lyisey" {Reflect rF+ rN+ Dex+2 SH+4}
HPRegen  0.50/turn              L - ring of Veughid {MR+ Str+4}
MPRegen  0.15/turn              K - ring of Phasing {EV+8}

@: lightly drained, quick
A: retaliatory headbutt, horns 2, blurry vision 1, clarity, clumsy 1, deformed
body, frail 1, low mp 2, subdued magic 1, inability to use devices, no poison
magic, no summoning magic, no transmutations magic, temperature sensitive
0: Orb of Zot
}: 4/15 runes: decaying, serpentine, slimy, silver
a: Draw Out Power, Power Leap, Apocalypse, Renounce Religion


You escaped.
You worshipped Ru.
Ru was exalted by your worship.
You were not hungry.

You visited 10 branches of the dungeon, and saw 52 of its levels.
You visited the Abyss 1 time.
You also visited: Ice Cave.

You collected 5544 gold pieces.
You spent 2141 gold pieces at shops.

Inventory:

Hand Weapons
 a - a +9 broad axe of electrocution (weapon)
 b - the +2 war axe of Impermanence {chop, +Blink SInv Stlth+}
   (You found it on level 5 of the Vaults)

   It inflicts extra damage upon your enemies.
   It lets you see invisible.
   It lets you blink.
   It makes you more stealthy.
Missiles
 S - 52 atropa-tipped darts
 Z - a throwing net (quivered)
Armour
 i - a +1 shield of reflection
 o - a +2 cloak (worn)
 w - a scarf of cloud immunity
 y - a +2 pair of gloves (worn)
 C - a +0 pair of boots of running (worn)
 O - +4 gold dragon scales (worn)
 P - the +2 shield of Lidi (worn) {rN+}
   (You took it off Asterion on level 2 of the Vaults)

   It protects you from negative energy.
 V - a +1 hat (worn)
Jewellery
 c - an uncursed ring of protection from cold
 f - an uncursed ring of protection from fire
 k - an uncursed amulet of harm
 p - the amulet "Lyisey" (around neck) {Reflect rF+ rN+ Dex+2 SH+4}
   (You acquired it on level 5 of the Vaults)

   [amulet of reflection]

   It shields you and reflects attacks.
   It affects your dexterity (+2).
   It protects you from fire.
   It protects you from negative energy.
   It affects your SH (+4).
 s - an uncursed ring of see invisible
 t - the ring "Ceni" {Fire MP+9 Dex+8 SInv}
   (You found it on level 5 of the Vaults)

   [ring of fire]

   It enhances your fire magic.
   It affects your dexterity (+8).
   It protects you from fire.
   It makes you vulnerable to cold.
   It affects your magic capacity (+9).
   It lets you see invisible.
 A - the ring "Qogyaf" {+Fly rCorr}
   (You found it on level 6 of the Lair of Beasts)

   [ring of resist corrosion]

   It lets you fly.
   It provides partial protection from all sources of acid and corrosion.
 K - the ring of Phasing (right hand) {EV+8}
   (You found it on level 5 of the Vaults)

   [ring of evasion]

   It affects your evasion (+8).
 L - the ring of Veughid (left hand) {MR+ Str+4}
   (You found it on level 5 of the Pits of Slime)

   [ring of protection from magic]

   It affects your strength (+4).
   It affects your resistance to hostile enchantments.
Scrolls
 e - a scroll of amnesia
 g - 2 scrolls of torment
 l - a scroll of summoning
 m - 4 scrolls of fog
 q - 20 scrolls of remove curse
 r - 5 scrolls of immolation
 v - 3 scrolls of enchant weapon
 x - 6 scrolls of fear
 B - 6 scrolls of blinking
 E - 3 scrolls of holy word
 I - 3 scrolls of vulnerability
 M - 3 scrolls of magic mapping
 R - 3 scrolls of identify
 T - 22 scrolls of teleportation
Potions
 n - 4 potions of magic
 u - 3 potions of mutation
 D - 7 potions of might
 F - 5 potions of agility
 G - 4 potions of invisibility
 H - a potion of haste
 J - a potion of brilliance
 N - a potion of resistance
 Q - 16 potions of curing
 U - 8 potions of flight
 W - 6 potions of heal wounds
 X - 2 potions of cancellation
 Y - 13 potions of lignification
Comestibles
 z - 27 rations


   Skills:
 O Level 27(26.5) Fighting
 O Level 27(26.5) Axes
   Level 3.5(18.5) Maces & Flails
 O Level 27(26.5) Armour
 + Level 23.9(23.5) Dodging
 - Level 15.0(14.6) Shields


You had 26 spell levels left.
You didn't know any spells.
Your spell library contained the following spells:

 Spells                   Type           Power        Failure   Level  Hunger
 Animate Skeleton         Necr           N/A          92%         1    ##.....
 Confusing Touch          Hex            #.....       92%         1    ##.....
 Corona                   Hex            #......      92%         1    ##.....
 Freeze                   Ice            #...         92%         1    ##.....
 Infusion                 Chrm           #...         92%         1    ##.....
 Magic Dart               Conj           #...         92%         1    ##.....
 Pain                     Necr           #...         92%         1    ##.....
 Sandblast                Erth           #.....       92%         1    ##.....
 Shock                    Conj/Air       #...         92%         1    ##.....
 Blink                    Tloc           N/A          98%         2    ###....
 Corpse Rot               Necr           N/A          98%         2    ###....
 Ensorcelled Hibernation  Hex/Ice        #.....       98%         2    ###....
 Slow                     Hex            #.......     98%         2    ###....
 Sublimation of Blood     Necr           #.........   98%         2    ###....
 Swiftness                Chrm/Air       #.......     98%         2    ###....
 Throw Frost              Conj/Ice       #.....       98%         2    ###....
 Confuse                  Hex            #.......     100%        3    ####...
 Conjure Flame            Conj/Fire      #.......     100%        3    ####...
 Dazzling Spray           Conj/Hex       #.....       100%        3    ####...
 Gell's Gravitas          Tloc           #.........   100%        3    ####...
 Ozocubu's Armour         Chrm/Ice       #.......     100%        3    ####...
 Portal Projectile        Hex/Tloc       #.....       100%        3    ####...
 Regeneration             Chrm/Necr      #.........   100%        3    ####...
 Static Discharge         Conj/Air       #.......     100%        3    ####...
 Stone Arrow              Conj/Erth      #.....       100%        3    ####...
 Tukima's Dance           Hex            #.......     100%        3    ####...
 Vampiric Draining        Necr           #.........   100%        3    ####...
 Airstrike                Air            #.........   100%        4    #####..
 Animate Dead             Necr           N/A          100%        4    #####..
 Force Lance              Conj/Tloc      #.......     100%        4    #####..
 Throw Icicle             Conj/Ice       #.......     100%        4    #####..
 Agony                    Necr           #.......     100%        5    ######.
 Bolt of Draining         Conj/Necr      #.........   100%        5    ######.
 Bolt of Magma            Conj/Fire/Erth #.........   100%        5    ######.
 Borgnjor's Vile Clutch   Necr/Erth      #.........   100%        5    ######.
 Dispel Undead            Necr           #.......     100%        5    ######.
 Excruciating Wounds      Chrm/Necr      #.........   100%        5    ######.
 Iskenderun's Battlesphe  Conj/Chrm      #.......     100%        5    ######.
 Lee's Rapid Deconstruct  Erth           #.........   100%        5    ######.
 Lightning Bolt           Conj/Air       #.........   100%        5    ######.
 Metabolic Englaciation   Hex/Ice        #.........   100%        5    ######.
 Silence                  Hex/Air        #.........   100%        5    ######.
 Bolt of Cold             Conj/Ice       #.........   100%        6    #######
 Conjure Ball Lightning   Conj/Air       #.........   100%        6    #######
 Deflect Missiles         Chrm/Air       #.........   100%        6    #######
 Dispersal                Tloc           #.........   100%        6    #######
 Freezing Cloud           Conj/Ice/Air   #.........   100%        6    #######
 Iron Shot                Conj/Erth      #.........   100%        6    #######
 Orb of Destruction       Conj           #.........   100%        7    #######
 Ring of Flames           Chrm/Fire      #.........   100%        7    #######
 Controlled Blink         Tloc           N/A          100%        8    #######
 Disjunction              Tloc           #.........   100%        8    #######
 Tornado                  Air            #.........   100%        9    #######
 Beastly Appendage        Tmut           Unusable     N/A         1    N/A
 Sting                    Conj/Pois      Unusable     N/A         1    N/A
 Summon Small Mammal      Summ           Unusable     N/A         1    N/A
 Call Imp                 Summ           Unusable     N/A         2    N/A
 Passwall                 Tmut/Erth      Unusable     N/A         2    N/A
 Poisonous Vapours        Pois/Air       Unusable     N/A         2    N/A
 Sticks to Snakes         Tmut           Unusable     N/A         2    N/A
 Call Canine Familiar     Summ           Unusable     N/A         3    N/A
 Ignite Poison            Fire/Tmut/Pois Unusable     N/A         3    N/A
 Mephitic Cloud           Conj/Pois/Air  Unusable     N/A         3    N/A
 Spider Form              Tmut/Pois      Unusable     N/A         3    N/A
 Summon Guardian Golem    Hex/Summ       Unusable     N/A         3    N/A
 Ice Form                 Ice/Tmut       Unusable     N/A         4    N/A
 Olgreb's Toxic Radiance  Pois           Unusable     N/A         4    N/A
 Petrify                  Tmut/Erth      Unusable     N/A         4    N/A
 Summon Ice Beast         Ice/Summ       Unusable     N/A         4    N/A
 Summon Lightning Spire   Summ/Air       Unusable     N/A         4    N/A
 Alistair's Intoxication  Tmut/Pois      Unusable     N/A         5    N/A
 Blade Hands              Tmut           Unusable     N/A         5    N/A
 Irradiate                Conj/Tmut      Unusable     N/A         5    N/A
 Summon Demon             Summ           Unusable     N/A         5    N/A
 Venom Bolt               Conj/Pois      Unusable     N/A         5    N/A
 Yara's Violent Unravell  Hex/Tmut       Unusable     N/A         5    N/A
 Hydra Form               Tmut           Unusable     N/A         6    N/A
 Statue Form              Tmut/Erth      Unusable     N/A         6    N/A
 Dragon Form              Tmut           Unusable     N/A         7    N/A
 Spellforged Servitor     Conj/Summ      Unusable     N/A         7    N/A
 Summon Hydra             Summ           Unusable     N/A         7    N/A

Dungeon Overview and Level Annotations

Branches:
Dungeon (15/15)            Temple (1/1) D:7            Lair (6/6) D:11
  Swamp (4/4) Lair:4        Snake (4/4) Lair:2        Slime (5/5) Lair:6
    Orc (2/2) D:10            Elf (0/3) Orc:2        Vaults (5/5) D:14
  Crypt (0/3) Vaults:3     Depths (5/5) D:15            Zot (5/5) Depths:5
  IceCv (visited)

Altars:
Ashenzari
Dithmenos
Elyvilon
Fedhas
Gozag
Hepliaklqana
Kikubaaqudgha
Qazlal
Ru
Sif Muna
Trog
Uskayaw
Wu Jian
Xom
Yredelemnul
Zin
The Shining One
Jiyva

Shops:
D:6 (   D:11 (   D:14 (=!(?   Orc:2 (*!=   Snake:1 !   Vaults:2 :   Vaults:3 *
Depths:3 *

Portals:
Hell: Depths:1 Depths:2 Depths:3 Depths:4 Depths:5
Abyss: Depths:1 Depths:2 Depths:4 Depths:5
Pandemonium: Depths:1 Depths:3 Depths:5
Ziggurat: Depths:3

Annotations:
Lair:3 exclusion: oklob plant
Depths:2 1 transporter


Innate Abilities, Weirdness & Mutations

You reflexively headbutt those who attack you in melee.
You have a pair of horns on your head.
You are clumsy. (Dex -2)
You cannot study or use magical devices.
You cannot study or cast Poison magic.
You cannot study or cast Summoning magic.
You cannot study or cast Transmutations magic.
You are sensitive to extremes of temperature. (rF-, rC-)
Scrolls take you a little longer to read.
You possess an exceptional clarity of mind.
Armour fits poorly on your strangely shaped body.
You are frail. (-10% HP)
Your magical capacity is very low. (-20% MP)
Your spells are a little easier to cast, but a little less powerful.


Message History

You chop the tentacled monstrosity into pieces!!!
You kill the tentacled monstrosity!
You slash Nenkaef! You hit Nenkaef but do no damage. You headbutt Nenkaef.
Nenkaef is heavily wounded.
You block Nenkaef's attack.
You slash Nenkaef! You headbutt Nenkaef!
Nenkaef is severely wounded.
You hit Nenkaef.
Nenkaef is severely wounded.
Your surroundings suddenly seem different.
There is an open door here.
There is a stone staircase leading up here.
You climb upwards.
There is a stone staircase leading down here.
A red devil comes into view. It is wielding a +0 trident.
You feel less exhausted.
You see here a +0 club.
A Hell Sentinel comes into view.
The Hell Sentinel roars!
You slice the Hell Sentinel!! You headbutt the Hell Sentinel.
The Hell Sentinel is lightly wounded.
You block the Hell Sentinel's attack. The Hell Sentinel hits you!
You focus your will and blind the Hell Sentinel in retribution!
You strike the helpless Hell Sentinel from behind!
You slash the Hell Sentinel!
You headbutt the Hell Sentinel, but do no damage.
The Hell Sentinel is moderately wounded.
The Hell Sentinel gestures at you.
The sphere of damnation explodes!
The damnation engulfs you!!
The damnation engulfs the Hell Sentinel.
The Hell Sentinel completely resists.
The Hell Sentinel roars!
You slice the Hell Sentinel!!
The Hell Sentinel is moderately wounded.
You slash the Hell Sentinel! You headbutt the Hell Sentinel.
The Hell Sentinel is heavily wounded.
The Hell Sentinel hits you!! You block the Hell Sentinel's attack.
You strike the helpless Hell Sentinel from behind!
You slice the Hell Sentinel!!
You headbutt the Hell Sentinel, but do no damage.
The Hell Sentinel is severely wounded.
The Hell Sentinel begins to attack, but is stunned by your will!
You slice the Hell Sentinel!! You headbutt the Hell Sentinel.
The Hell Sentinel is almost dead.
You slash the Hell Sentinel!
You kill the Hell Sentinel!
You feel much better.
There is a staircase leading out of the dungeon here.
You have escaped!

## .# .# .# ######
.# #.@>.# .# #....#
.# #....# .# #.4.§#
.# #.§§§#
.##############.####
................#
###.....#########
#.....#


You could see a red devil.

Vanquished Creatures
  the Royal Jelly (Slime:5)
  A seraph (Depths:3)
  4 orbs of fire
  Mara (Depths:4)
  5 ancient liches
  A shard shrike (Zot:5)
  5 Killer Klowns (Zot:5)
  Vashnia (Snake:2)
  Margery (Vaults:2)
  A caustic shrike (Depths:4)
  3 curse toes
  8 golden dragons
  A bone dragon (Depths:5)
  Jory (Depths:4)
  3 electric golems
  4 liches
  A Brimstone Fiend (Depths:1)
  A Hell Sentinel (D:1)
  Asterion (Vaults:2)
  An Ice Fiend (Zot:3)
  23 Orb Guardians
  11 tentacled monstrosities
  4 quicksilver dragons
  2 titans (Vaults:5)
  8 death cobs
  4 sphinxes
  19 acid blobs
  Frances (D:13)
  Agnes (Snake:2)
  18 shadow dragons
  2 thorn hunters
  7 tengu reavers
  Roxanne (Swamp:4)
  4 draconian monks
  9 azure jellies
  12 storm dragons
  12 nagarajas
  9 fire giants
  2 revenants (Vaults:3)
  The ghost of Waecyras the Bringer of Law, an adept KoGl of Zin (D:15)
  4 draconian knights
  14 vault wardens
  Aizul (Snake:2)
  2 draconian scorchers
  3 ghost moths
  11 frost giants
  2 iron dragons
  An orc warlord (Vaults:5)
  3 deep elf sorcerers
  The ghost of Gosau the Carver, a journeyman DsGl of Makhleb (D:15)
  The ghost of Boahovan the Carver, a journeyman DsGl of Makhleb (D:15)
  The ghost of littlecub the Fighter, a journeyman DsGl of Hepliaklqana (Snake:4)
  A curse skull (Vaults:3)
  2 deep elf elementalists (Vaults:5)
  2 draconian shifters
  3 spriggan defenders
  3 draconian stormcallers
  20 very ugly things
  20 ironheart preservers
  2 draconian annihilators
  The ghost of Mallanif the Martial Artist, a journeyman GnTm of Ashenzari (D:13)
  14 stone giants
  The ghost of Jiecrehi the Severer, a journeyman DDFi of Makhleb (D:15)
  3 deep elf annihilators
  Nessos (Orc:2)
  A green draconian (Depths:5)
  10 purple draconians
  2 deep elf demonologists
  6 black draconians
  4 vampire knights
  A lorocyproca (Depths:1)
  A spark wasp (shapeshifter) (Vaults:5)
  7 red draconians
  10 spark wasps
  4 white draconians
  6 yellow draconians
  6 dire elephants (Lair:6)
  3 deep elf death magi
  A blizzard demon (D:4)
  19 ettins
  8 death oozes
  2 jiangshi (Depths:5)
  13 fire dragons
  A deep elf high priest (Vaults:5)
  6 rakshasas
  A merfolk impaler (Depths:2)
  Fannar (Orc:1)
  Harold (D:9)
  12 ice dragons
  16 yaktaur captains
  14 great orbs of eyes
  21 hydras
  30 vault guards
  23 naga warriors
  A ghost crab (Swamp:2)
  2 catoblepae
  5 death knights
  A shambling mangrove (Swamp:4)
  3 spriggan air magi
  68 two-headed ogres
  4 anacondas
  Erica (Lair:2)
  12 centaur warriors
  16 naga sharpshooters
  10 death yaks
  8 tengu warriors
  19 alligators
  6 deep troll earth magi
  2 vampire magi
  9 deep troll shamans
  6 shock serpents
  2 thrashing horrors (Abyss:4)
  19 ogre magi
  5 spriggan berserkers
  4 soul eaters
  6 hell knights
  Sonja (Lair:2)
  A fire crab (shapeshifter) (Depths:4)
  10 deep elf knights
  2 iron trolls
  3 salamander mystics
  4 shadow wraiths
  A skeletal warrior (Vaults:3)
  2 death drakes (Zot:1)
  A cherub (Depths:3)
  2 spriggan druids (Swamp:3)
  10 swamp dragons
  27 deep trolls
  5 unseen horrors
  6 deep elf archers
  2 flayed ghosts
  4 glowing orange brains
  An infernal demonspawn (Depths:1)
  10 ironbrand convokers
  2 orange crystal statues
  17 orc knights
  3 lindwurms (Swamp:4)
  8 naga ritualists
  4 phantasmal warriors
  12 mana vipers
  3 harpies (D:14)
  9 necromancers
  2 wizards (Vaults:3)
  22 deep elf magi
  A fire giant zombie (Vaults:3)
  A mana viper (shapeshifter) (Vaults:5)
  5 shining eyes
  2 manticores
  52 ugly things
  11 moths of wrath
  11 salamanders
  2 wolf spiders
  4 elephants (Lair:6)
  5 cyclopes
  5 orc sorcerers
  10 guardian serpents
  A frost giant skeleton (Vaults:3)
  2 ice statues (IceCv)
  2 human skeletons (Vaults:3)
  3 rust devils
  2 eyes of devastation
  12 naga magi
  28 black mambas
  7 vault sentinels
  A purple draconian zombie (Zot:1)
  A smoke demon (Depths:4)
  2 torpor snails (shapeshifter)
  A yellow draconian zombie (Zot:1)
  7 kobold demonologists
  14 spiny frogs
  A hellion (Zot:1)
  A human zombie (Vaults:3)
  57 yaktaurs
  3 freezing wraiths
  2 hellwings (Depths:4)
  A tormentor (Zot:3)
  A komodo dragon (shapeshifter) (Vaults:5)
  6 komodo dragons
  15 trolls
  5 ice devils (IceCv)
  3 red devils (Depths:4)
  17 tyrant leeches
  A polar bear (shapeshifter) (Vaults:5)
  A tengu conjurer (Depths:3)
  A guardian mummy (Zot:1)
  A moth of wrath zombie (Zot:1)
  2 polar bears
  2 meliai (shapeshifter) (Depths:4)
  A wolf spider simulacrum (D:15)
  Grinder (D:5)
  2 wind drakes (shapeshifter)
  A tengu simulacrum (Vaults:3)
  16 hornets
  A hippogriff (shapeshifter) (Depths:2)
  2 meliai zombies
  73 slime creatures
  13 bog bodies
  8 hippogriffs
  17 blink frogs
  A large abomination (Abyss:4)
  A snapping turtle (shapeshifter) (D:14)
  2 ynoxinuls
  2 shadows
  A hog (shapeshifter) (Vaults:3)
  5 wraiths
  2 wyverns
  15 water elementals
  32 yaks
  A tarantella (shapeshifter) (D:15)
  A yak (shapeshifter) (Depths:3)
  8 humans (D:14)
  16 spriggans
  8 golden eyes
  13 vampire mosquitoes
  5 basilisks
  2 chaos spawn
  3 hungry ghosts
  A golden eye (shapeshifter) (Vaults:1)
  A steam dragon (shapeshifter) (Vaults:5)
  3 human simulacra
  7 wargs
  Menkaure (D:7)
  17 swamp worms
  86 nagas
  10 water moccasins
  2 acid dragons (Vaults:2)
  A floating eye (shapeshifter) (Vaults:2)
  4 hell hounds (Depths:4)
  A deep troll skeleton (Vaults:3)
  15 porcupines
  33 orc warriors
  3 sky beasts
  2 black bears
  14 swamp drakes
  4 phantoms
  2 ice beasts
  7 eyes of draining
  2 necrophages (D:6)
  60 ogres
  9 boggarts
  16 wolves
  29 centaurs
  7 big kobolds
  12 crocodiles
  18 bullfrogs
  A gnoll sergeant (D:11)
  A wyvern zombie (D:14)
  5 scorpions
  37 killer bees
  13 wights
  6 howler monkeys
  An electric eel (Lair:4)
  5 centaur zombies
  11 crimson imps
  12 orc priests
  8 jellies
  4 hounds
  2 draconian simulacra (IceCv)
  4 centaur skeletons
  Jessica (D:3)
  3 iguanas
  21 orc wizards
  11 worker ants
  A spriggan simulacrum (IceCv)
  2 troll simulacra (IceCv)
  A killer bee zombie (D:5)
  3 centaur simulacra (IceCv)
  A hound zombie (D:8)
  2 hound skeletons
  2 worker ant zombies
  6 gnolls
  A gnoll (shapeshifter) (Depths:3)
  A naga simulacrum (IceCv)
  An ogre simulacrum (IceCv)
  13 adders
  A river rat (shapeshifter) (Vaults:5)
  4 shadow imps
  An ufetubus (Abyss:4)
  11 oozes (Lair:1)
  3 worms
  7 leopard geckos
  94 orcs
  4 bats
  A giant cockroach (D:2)
  5 goblins
  8 hobgoblins
  A jackal (shapeshifter) (Depths:4)
  4 jackals
  21 kobolds
  6 quokkas
  2 ball pythons (D:1)
  5 frilled lizards
  5 rats
  9 fungi
  7 plants
  A withered plant (D:14)
2237 creatures vanquished.

Vanquished Creatures (collateral kills)
  A crocodile (Lair:6)
1 creature vanquished.

Vanquished Creatures (others)
  A tentacled monstrosity (Zot:1)
  3 Orb Guardians
  A lich (D:2)
  A tengu reaver (Depths:3)
  A nagaraja (Snake:4)
  A fire giant (Depths:5)
  A draconian shifter (Zot:3)
  2 stone giants
  A very ugly thing (Depths:5)
  A fire dragon (Depths:3)
  2 ettins
  4 yaktaur captains
  A deep elf high priest (Vaults:5)
  A naga warrior (Snake:3)
  A two-headed ogre (Depths:1)
  A tengu warrior (Depths:3)
  2 naga sharpshooters (Snake:4)
  A spriggan berserker (Depths:5)
  A wolf spider (Vaults:4)
  An ugly thing (Vaults:3)
  A moth of wrath (Zot:2)
  2 salamanders (Depths:5)
  A cyclops (Vaults:1)
  A gargoyle (D:13)
  3 naga magi
  13 yaktaurs
  A freezing wraith (Vaults:3)
  A troll (D:10)
  A hornet (Swamp:2)
  A hippogriff (D:10)
  A spriggan (Swamp:2)
  A water elemental (Depths:2)
  A human (D:14)
  2 nagas
  A swamp worm (Swamp:2)
  A swamp drake (Swamp:4)
  A centaur (Depths:3)
  A scorpion (D:10)
  3 orcs
  2 briar patches (Swamp:3)
  13 fungi
  12 plants
92 creatures vanquished.

Grand Total: 2330 creatures vanquished

Notes
Turn   | Place    | Note
-------+----------+-------------------------------------------
     0 | D:1      | MeekVeins the Minotaur Fighter began the quest for the Orb.
     0 | D:1      | Reached XP level 1. HP: 19/19 MP: 0/0
   415 | D:1      | Reached XP level 2. HP: 26/26 MP: 1/1
   442 | D:1      | You fall into a shaft and drop 1 floor!
   537 | D:2      | Reached XP level 3. HP: 28/31 MP: 2/2
   603 | D:2      | Found a hazy altar of Hepliaklqana.
   946 | D:2      | Found a shimmering blue altar of Sif Muna.
   978 | D:2      | Reached skill level 5 in Axes
  1705 | D:3      | Reached XP level 4. HP: 39/39 MP: 3/3
  1807 | D:3      | Noticed Jessica
  1820 | D:3      | Killed Jessica
  2614 | D:4      | Noticed a black bear
  2625 | D:4      | Killed a black bear
  2625 | D:4      | Reached XP level 5. HP: 45/45 MP: 4/4
  2775 | D:4      | Reached XP level 6. HP: 51/51 MP: 5/5
  3490 | D:5      | Entered Level 5 of the Dungeon
  3490 | D:5      | Noticed Grinder
  3495 | D:5      | Killed Grinder
  3495 | D:5      | Reached XP level 7. HP: 57/57 MP: 6/6
  3508 | D:5      | You fall into a shaft and drop 2 floors!
  3550 | D:7      | Noticed a spriggan baker
  3556 | D:7      | Killed a spriggan baker
  3556 | D:7      | Reached skill level 10 in Axes
  3838 | D:6      | Found a bloodstained altar of Trog.
  4101 | D:6      | Found Xeyrraen's Weapon Shop.
  4751 | D:5      | Got a pitted plate armour
  4762 | D:5      | Identified the cursed +0 plate armour of Wecumyom {*Slow
                  | Int+7 Stlth+} (You found it on level 5 of the Dungeon)
  4822 | D:5      | Reached skill level 5 in Fighting
  4822 | D:5      | Reached skill level 5 in Shields
  4822 | D:5      | Reached XP level 8. HP: 55/66 MP: 7/7
  5431 | D:5      | Found an ancient bone altar of Kikubaaqudgha.
  5876 | D:7      | Noticed Menkaure
  5880 | D:7      | Killed Menkaure
  5922 | D:7      | Found a staircase to the Ecumenical Temple.
  5990 | Temple   | Entered the Ecumenical Temple
  6019 | Temple   | Became a worshipper of Ru the Awakened
  6453 | D:7      | Reached skill level 5 in Armour
  6453 | D:7      | Reached XP level 9. HP: 43/75 MP: 8/8
  7469 | D:8      | Gained mutation: You are sensitive to extremes of
                  | temperature. (rF-, rC-) [Ru sacrifice]
  7469 | D:8      | Reached * piety under Ru
  7469 | D:8      | Reached ** piety under Ru
  7469 | D:8      | Reached *** piety under Ru
  7515 | D:8      | Noticed a two-headed ogre
  7521 | D:8      | Killed a two-headed ogre
  7521 | D:8      | Reached skill level 10 in Fighting
  7521 | D:8      | Reached XP level 10. HP: 92/92 MP: 9/9
  7681 | D:9      | Noticed a two-headed ogre
  7691 | D:9      | Killed a two-headed ogre
  7854 | D:9      | Noticed Harold
  7854 | D:9      | Paralysed by Harold for 2 turns
  7862 | D:9      | Paralysed by Harold for 2 turns
  7879 | D:9      | Killed Harold
  8412 | D:10     | Entered Level 10 of the Dungeon
  8423 | D:10     | Reached skill level 1 in Evocations
  8432 | D:10     | Found a staircase to the Orcish Mines.
  9240 | D:10     | Reached skill level 1 in Dodging
  9241 | D:10     | Reached XP level 11. HP: 91/101 MP: 13/13
  9484 | D:10     | Noticed a sphinx
  9506 | D:10     | Killed a sphinx
  9510 | D:10     | Noticed a stone giant
  9525 | D:10     | Killed a stone giant
  9538 | D:10     | Found a white marble altar of Elyvilon.
  9539 | D:10     | Found a shimmering altar of Xom.
  9724 | D:10     | Reached skill level 5 in Dodging
  9843 | D:11     | Gained mutation: You cannot study or use magical devices.
                  | [Ru sacrifice]
  9843 | D:11     | Reached **** piety under Ru
  9843 | D:11     | Reached ***** piety under Ru
  9844 | D:11     | Found a staircase to the Lair.
 10472 | D:11     | Found Bunaepip's Antique Weapon Boutique.
 10478 | D:11     | Bought a transparent hand axe for 184 gold pieces
 10478 | D:11     | Identified the +9 hand axe "Wonleocud" {venom, Int+4} (You
                  | bought it in a shop on level 11 of the Dungeon)
 10552 | D:11     | Reached skill level 10 in Armour
 10663 | D:11     | Reached XP level 12. HP: 104/113 MP: 11/11
 10673 | D:11     | Noticed a two-headed ogre
 10691 | D:11     | Killed a two-headed ogre
 11247 | D:12     | Noticed a six-headed hydra
 11365 | D:12     | Gained mutation: You cannot study or cast Poison magic. [Ru
                  | sacrifice]
 11365 | D:12     | Gained mutation: You cannot study or cast Transmutations
                  | magic. [Ru sacrifice]
 11365 | D:12     | Gained mutation: You cannot study or cast Summoning magic.
                  | [Ru sacrifice]
 11480 | Lair:1   | Entered Level 1 of the Lair of Beasts
 11546 | Lair:1   | Reached skill level 1 in Maces & Flails
 12700 | Lair:2   | Noticed a six-headed hydra
 12710 | Lair:2   | Noticed Sonja
 12726 | Lair:2   | Killed a six-headed hydra
 12726 | Lair:2   | Killed Sonja
 12739 | Lair:2   | Found a staircase to the Snake Pit.
 12829 | Lair:2   | Gained mutation: You are clumsy. (Dex -2) [Ru sacrifice]
 12829 | Lair:2   | Reached ****** piety under Ru
 12849 | Lair:2   | Reached skill level 10 in Shields
 13018 | Lair:2   | Noticed Erica
 13028 | Lair:2   | Killed Erica
 13551 | Lair:3   | Noticed a six-headed hydra
 13559 | Lair:3   | Killed a six-headed hydra
 13559 | Lair:3   | Reached XP level 13. HP: 80/124 MP: 12/12
 14859 | Lair:4   | Found a staircase to the Swamp.
 16054 | Lair:6   | Entered Level 6 of the Lair of Beasts
 16194 | Lair:6   | Found a frozen archway.
 16204 | IceCv    | Entered an ice cave
 17046 | IceCv    | Reached XP level 14. HP: 132/132 MP: 13/13
 17088 | IceCv    | Got a polished chain mail
 17102 | IceCv    | Identified the +1 chain mail "Jitun" {MR+ Dex+5} (You found
                  | it in an ice cave)
 17371 | Lair:6   | Found a viscous altar of Jiyva.
 17371 | Lair:6   | Found a staircase to the Slime Pits.
 17826 | Lair:6   | Got an ancient tin ring
 17828 | Lair:6   | Identified the ring "Qogyaf" {+Fly rCorr} (You found it on
                  | level 6 of the Lair of Beasts)
 18460 | Orc:1    | Entered Level 1 of the Orcish Mines
 18646 | Orc:2    | Entered Level 2 of the Orcish Mines
 18646 | Orc:2    | Found a staircase to the Elven Halls.
 18646 | Orc:2    | Noticed Nessos
 18650 | Orc:2    | Killed Nessos
 18672 | Orc:2    | Reached skill level 10 in Dodging
 18922 | Orc:2    | Reached skill level 15 in Shields
 19311 | Orc:2    | Found Ussihu's General Store.
 19317 | Orc:2    | Found Satyhien's Jewellery Shop.
 19323 | Orc:2    | Bought a scroll of enchant weapon for 135 gold pieces
 19325 | Orc:2    | Found Luwer's Antique Weapon Shoppe.
 19326 | Orc:2    | Found Haiteorr's Distillery.
 19479 | Orc:2    | Bought a potion of agility for 60 gold pieces
 19479 | Orc:2    | Bought a potion of haste for 150 gold pieces
 19776 | Orc:1    | Noticed Fannar
 19805 | Orc:1    | Killed Fannar
 20226 | D:12     | Reached XP level 15. HP: 127/139 MP: 14/14
 20235 | D:12     | Found a shadowy altar of Dithmenos.
 20288 | D:12     | Reached skill level 15 in Fighting
 20579 | D:13     | Found a hazy altar of Hepliaklqana.
 20625 | D:13     | Noticed Frances
 20654 | D:13     | Killed Frances
 21147 | D:13     | Found a runed translucent door.
 21147 | D:13     | Identified the +1 spear "Giotahuv" {protect, Dex+2 Stlth+}
 21148 | D:13     | Noticed Mallanif's ghost (journeyman GnTm)
 21344 | D:14     | Found Meaqu's Weapon Boutique.
 21352 | D:14     | Bought a +2 war axe of electrocution for 289 gold pieces
 21352 | D:14     | Found Mios's Distillery.
 21371 | D:14     | Bought a potion of might for 48 gold pieces
 21371 | D:14     | Bought a potion of might for 48 gold pieces
 21606 | D:14     | Found Ankots's Magic Scroll Emporium.
 21615 | D:14     | Bought a scroll of identify for 36 gold pieces
 21615 | D:14     | Bought a scroll of identify for 36 gold pieces
 21619 | D:14     | Bought a scroll of identify for 36 gold pieces
 21619 | D:14     | Bought a scroll of identify for 36 gold pieces
 21676 | D:14     | Found Riqef's Jewellery Emporium.
 21720 | D:14     | Found Cofir's Antique Weapon Boutique.
 22251 | D:14     | Found a blossoming altar of Fedhas.
 22323 | D:14     | Found a gate to the Vaults.
 22748 | Snake:1  | Entered Level 1 of the Snake Pit
 22938 | Snake:1  | Reached skill level 15 in Axes
 23208 | Snake:1  | Found Otoucoll's Distillery.
 23211 | Snake:1  | Bought a potion of berserk rage for 95 gold pieces
 23495 | Snake:2  | Noticed Aizul
 23508 | Snake:2  | Killed Aizul
 23542 | Snake:2  | Noticed Agnes
 23545 | Snake:2  | HP: 2/149 [naga warrior/+0 scimitar (22)]
 23562 | Snake:2  | Killed Agnes
 23562 | Snake:2  | Reached XP level 16. HP: 37/157 MP: 8/15
 23578 | Snake:2  | Reached skill level 15 in Armour
 23911 | Snake:2  | HP: 3/157 [black mamba (12)]
 24511 | Snake:2  | Noticed Vashnia
 24523 | Snake:2  | Killed Vashnia
 25042 | Snake:3  | Found a glowing golden altar of the Shining One.
 25874 | Snake:4  | Entered Level 4 of the Snake Pit
 25995 | Snake:4  | Found a runed translucent door.
 26003 | Snake:4  | Noticed littlecub's ghost (journeyman DsGl)
 26080 | Snake:4  | Killed littlecub's ghost
 26087 | Snake:4  | Identified the +3 plate armour "Lacafuvu" {rPois rN+} (You
                  | found it on level 4 of the Snake Pit)
 26103 | Snake:4  | Identified the +4 chain mail "Ocarak" {rC+ SInv} (You found
                  | it on level 4 of the Snake Pit)
 26804 | Snake:4  | Reached XP level 17. HP: 155/163 MP: 16/16
 28225 | Snake:4  | Got a serpentine rune of Zot
 28618 | D:13     | Killed Mallanif's ghost
 29059 | D:15     | Entered Level 15 of the Dungeon
 29640 | D:15     | Found a staircase to the Depths.
 29790 | D:15     | Found a shadowy altar of Dithmenos.
 29800 | D:15     | Reached XP level 18. HP: 178/178 MP: 17/17
 29832 | D:15     | Found a runed translucent gate.
 29832 | D:15     | Found a runed translucent gate.
 29833 | D:15     | Found a runed translucent gate.
 29834 | D:15     | Noticed Boahovan's ghost (journeyman DsGl)
 29834 | D:15     | Noticed Waecyras's ghost (adept KoGl)
 29835 | D:15     | Noticed Jiecrehi's ghost (journeyman DDFi)
 29835 | D:15     | Noticed Gosau's ghost (journeyman DsGl)
 30097 | Vaults:1 | Entered Level 1 of the Vaults
 30116 | Vaults:1 | Got a slimy hand axe
 30118 | Vaults:1 | Identified the +8 hand axe of Action {freeze, rPois rC-
                  | Int+3 Stlth+} (You found it on level 1 of the Vaults)
 30122 | Vaults:1 | Identified a scroll of acquirement
 31748 | Vaults:1 | Identified a +0 pair of boots of running (You acquired it
                  | on level 1 of the Vaults)
 31949 | Vaults:2 | Paralysed by an ogre mage for 6 turns
 32308 | Vaults:2 | Found Saarch's Book Shoppe.
 32433 | Vaults:2 | Identified the +2 shield of Lidi {rN+}
 32433 | Vaults:2 | Noticed Asterion
 32451 | Vaults:2 | Killed Asterion
 32795 | Vaults:2 | Noticed Margery
 32809 | Vaults:2 | Killed Margery
 32835 | Vaults:2 | Reached XP level 19. HP: 191/191 MP: 12/18
 35754 | Vaults:3 | Found a staircase to the Crypt.
 35950 | Vaults:3 | Found Mais's General Store.
 36222 | Vaults:3 | Found a blossoming altar of Fedhas.
 36279 | Vaults:4 | Noticed a lich
 36290 | Vaults:4 | Killed a lich
 36549 | Vaults:4 | Reached XP level 20. HP: 200/200 MP: 19/19
 38299 | Swamp:1  | Entered Level 1 of the Swamp
 41260 | Swamp:4  | Entered Level 4 of the Swamp
 41260 | Swamp:4  | Identified Roxanne's Incunabulum of Stones
 41260 | Swamp:4  | Noticed Roxanne
 41712 | Swamp:4  | Reached XP level 21. HP: 98/211 MP: 13/20
 42279 | Swamp:4  | Got a decaying rune of Zot
 42660 | Swamp:4  | Killed Roxanne
 42925 | Depths:1 | Entered Level 1 of the Depths
 43515 | D:15     | Killed Waecyras's ghost
 43531 | D:15     | Killed Boahovan's ghost
 43532 | D:15     | Killed Jiecrehi's ghost
 43553 | D:15     | Killed Gosau's ghost
 44112 | Depths:1 | Paralysed by a great orb of eyes for 6 turns
 44445 | Depths:1 | Found a one-way gate to the infinite horrors of the Abyss.
 44602 | Depths:1 | Found a gateway to Hell.
 44715 | Depths:1 | Found a one-way gate leading to the halls of Pandemonium.
 45900 | Depths:2 | Found a transporter.
 46412 | Depths:3 | Found Citannulu's Elemental Accessories.
 46462 | Depths:3 | Noticed a golden dragon
 46669 | Depths:3 | Found a transporter.
 46707 | Depths:3 | Reached XP level 22. HP: 191/231 MP: 21/21
 46714 | Depths:3 | Cast into level 4 of the Abyss (a lich)
 46854 | Depths:3 | Escaped the Abyss
 46977 | Depths:3 | Reached skill level 27 in Fighting
 47087 | Depths:3 | Found a gateway to a ziggurat.
 47153 | Depths:3 | Found a transporter.
 47541 | Depths:3 | Killed a golden dragon
 47572 | Depths:3 | Got a clouded silver ring
 47573 | Depths:3 | Identified the ring "Oguicoacw" {+Fly rF- Str+4 Dex+3} (You
                  | found it on level 3 of the Depths)
 47695 | Depths:4 | Noticed Mara
 48350 | Depths:4 | Killed Mara
 48637 | Depths:4 | Noticed Jory
 48648 | Depths:4 | Killed Jory
 49718 | Depths:4 | Noticed a caustic shrike
 49727 | Depths:4 | Killed a caustic shrike
 49773 | Depths:4 | Noticed a golden dragon
 49786 | Depths:4 | Killed a golden dragon
 50026 | Depths:4 | Identified the +12 scimitar "Voptax" {venom, *Slow +Blink
                  | rF++ MP+9}
 50410 | Depths:4 | Reached skill level 15 in Dodging
 50410 | Depths:4 | Reached XP level 23. HP: 221/240 MP: 22/22
 50705 | Depths:4 | Found a sacrificial altar of Ru.
 50736 | Depths:5 | Entered Level 5 of the Depths
 51846 | Depths:5 | Found a gate to the Realm of Zot.
 52823 | Slime:1  | Entered Level 1 of the Pits of Slime
 53390 | Vaults:5 | Entered Level 5 of the Vaults
 54119 | Vaults:5 | Reached XP level 24. HP: 96/249 MP: 15/22
 54346 | Vaults:5 | Identified the cursed +1 great sword of the Evil Eye
                  | {freeze, +Inv Dex+4}
 55677 | Vaults:5 | Identified the +3 demon whip "Cusmenk" {freeze, -Tele rElec
                  | Str+4 SInv}
 55720 | Vaults:5 | Identified the Reference Book on Lucky Intoxication
 55727 | Vaults:5 | Got a silver rune of Zot
 55728 | Vaults:5 | Identified Nuruw's Reference Book on the Lethal Glacier
 55825 | Vaults:5 | Found the ring of Phasing {EV+8}
 56144 | Vaults:5 | Got an ichor-stained war axe
 56145 | Vaults:5 | Identified the +2 war axe of Impermanence {chop, +Blink
                  | SInv Stlth+} (You found it on level 5 of the Vaults)
 56187 | Vaults:5 | Got a steaming jade ring
 56693 | D:14     | Bought a scroll of enchant armour for 135 gold pieces
 56716 | D:14     | Bought a potion of heal wounds for 60 gold pieces
 56716 | D:14     | Bought 2 potions of curing for 72 gold pieces
 56816 | Orc:2    | Bought the ring "Xogroata" {MR+ Stlth+} for 421 gold pieces
 56817 | Orc:2    | Identified the ring "Ceni" {Fire MP+9 Dex+8 SInv} (You
                  | found it on level 5 of the Vaults)
 56831 | Orc:2    | Bought a potion of haste for 150 gold pieces
 56831 | Orc:2    | Bought a potion of haste for 150 gold pieces
 57031 | Slime:1  | Gained mutation: You are frail. (-10% HP) [a shining eye]
 57035 | Slime:1  | Gained mutation: Armour fits poorly on your strangely
                  | shaped body. [a shining eye]
 57040 | Slime:1  | Lost mutation: You are frail. (-10% HP) [potion of
                  | mutation]
 57040 | Slime:1  | Lost mutation: Armour fits poorly on your strangely shaped
                  | body. [potion of mutation]
 57040 | Slime:1  | Gained mutation: Your spells are a little easier to cast,
                  | but a little less powerful. [potion of mutation]
 57040 | Slime:1  | Gained mutation: Your magical capacity is low. (-10% MP)
                  | [potion of mutation]
 57040 | Slime:1  | Gained mutation: You are partially covered in thin metallic
                  | scales. (AC +2) [potion of mutation]
 57622 | Slime:5  | Entered Level 5 of the Pits of Slime
 57679 | Slime:5  | Gained mutation: Your magical capacity is very low. (-20%
                  | MP) [a shining eye]
 57687 | Slime:5  | Paralysed by a great orb of eyes for 2 turns
 57912 | Slime:5  | Found a viscous altar of Jiyva.
 57918 | Slime:5  | Found the +12 glaive of Prune {chop}
 57980 | Slime:5  | Gained mutation: You are occasionally teleported next to
                  | monsters. [a shining eye]
 58037 | Slime:5  | Noticed the Royal Jelly
 58051 | Slime:5  | Killed the Royal Jelly
 58051 | Slime:5  | Reached XP level 25. HP: 213/257 MP: 17/17
 58105 | Slime:5  | Got a transparent lead ring
 58106 | Slime:5  | Identified the ring of Veughid {MR+ Str+4} (You found it on
                  | level 5 of the Pits of Slime)
 58112 | Slime:5  | Got a smoking pewter ring
 58113 | Slime:5  | Identified the ring of Honesty {Fire rN++} (You found it on
                  | level 5 of the Pits of Slime)
 58124 | Slime:5  | Got a slimy rune of Zot
 58125 | Slime:5  | Identified the Handbook of Mutagenic Good Luck
 58199 | Slime:5  | Got a pitted marble ring
 58200 | Slime:5  | Identified the cursed ring "Enaupsups" {+Fly Dex-2 Slay+2
                  | Stlth+} (You found it on level 5 of the Pits of Slime)
 58221 | Slime:5  | Identified the Catalogue of Glacial Calling
 58709 | Zot:1    | Entered Level 1 of the Realm of Zot
 58791 | Zot:1    | Noticed an ancient lich
 58808 | Zot:1    | Killed an ancient lich
 59198 | Zot:1    | Lost mutation: You are occasionally teleported next to
                  | monsters. [potion of mutation]
 59198 | Zot:1    | Lost mutation: You are partially covered in thin metallic
                  | scales. (AC +2) [potion of mutation]
 59198 | Zot:1    | Gained mutation: You possess an exceptional clarity of
                  | mind. [potion of mutation]
 59499 | Zot:1    | Noticed an orb of fire
 60621 | Vaults:5 | Identified the amulet "Lyisey" {Reflect rF+ rN+ Dex+2 SH+4}
                  | (You acquired it on level 5 of the Vaults)
 61172 | Zot:2    | Noticed an orb of fire
 61172 | Zot:2    | Gained mutation: Scrolls take you a little longer to read.
                  | [an orb of fire]
 61700 | Zot:4    | Noticed an orb of fire
 61710 | Zot:4    | Killed an orb of fire
 62390 | Zot:5    | Entered Level 5 of the Realm of Zot
 62491 | Zot:5    | Reached XP level 26. HP: 229/260 MP: 17/17
 62499 | Zot:5    | Reached skill level 27 in Armour
 62508 | Zot:5    | Noticed an ancient lich
 62510 | Zot:5    | Noticed an ancient lich
 62541 | Zot:5    | Killed an ancient lich
 62558 | Zot:5    | Killed an ancient lich
 63093 | Zot:5    | Noticed an orb of fire
 63093 | Zot:5    | Gained mutation: You are frail. (-10% HP) [an orb of fire]
 63096 | Zot:5    | Gained mutation: Armour fits poorly on your strangely
                  | shaped body. [an orb of fire]
 63102 | Zot:5    | Killed an orb of fire
 63102 | Zot:5    | Reached skill level 27 in Axes
 63129 | Zot:5    | Noticed an ancient lich
 63135 | Zot:5    | Noticed an orb of fire
 63140 | Zot:5    | Noticed an orb of fire
 63146 | Zot:5    | Killed an ancient lich
 63152 | Zot:5    | Killed an orb of fire
 63153 | Zot:5    | Killed an orb of fire
 63903 | Zot:4    | Identified the +8 long sword of Dominance {antimagic, rC+
                  | MR+ Int+6}
 64368 | Zot:5    | Reached XP level 27. HP: 202/239 MP: 17/17
 65366 | Zot:5    | Got the Orb of Zot
 65452 | Zot:4    | Noticed Segol the pandemonium lord
 65626 | Depths:3 | Noticed a seraph
 65638 | Depths:3 | Killed a seraph
 66032 | D:2      | Noticed Nenkaef the pandemonium lord
 66032 | D:2      | Noticed an ancient lich
 66037 | D:2      | Killed an ancient lich
 66125 | D:$      | Escaped with the Orb!

Levels and vault maps discovered:
D:1:      dpeg_arrival_fog, layout_basic, minmay_misc_feat_enclosed
D:2:      layout_basic, lemuel_doored_altar, old_standard_altar, serial_glass,
          glass_columns_c, glass_columns_b
D:3:      layout_basic, uniq_jessica
D:4:      black_bear_nest_1, layout_layer_cave, st_stairs_1,
          kennysheep_small_circle
D:5:      layout_cave_pods, kiku_gazebo_pond_becter, first_ration, uniq_grinder
D:6:      layout_loops_corners, lightli_temple_of_fire, serial_shops,
          shop_statue
D:7:      layout_basic, minmay_temple_entry_sparse_star, the_bakery,
          minmay_alternating_orb, uniq_menkaure
D:8:      layout_loops_cross
D:9:      layout_roguey, uniq_harold
D:10:     layout_roguey, erik_orc_4, jmf_multi_god_temple
D:11:     layout_roguey, due_lair_maze_entry_diamond, serial_shops,
          nicolae_shop_stone
D:12:     layout_basic, nicolae_dithmenos_the_darkroom
D:13:     layout_rooms, ebering_ghost_funeral_grove, lemuel_tele_altar,
          uniq_frances
D:14:     layout_small_grid, ximxim_vaults_locker_room, serial_shops,
          nicolae_shop_waterfront, shop_fountains, shop, nicolae_shop_stone,
          shop_statue, fedhas_altar_2, roderic_roman_lattice, st_stairs_11,
          argonaut_gorgonesque
D:15:     grunt_enter_depths_hoard, layout_basic, gammafunk_ghost_cemetery,
          lemuel_round_altar
Temple:   hc_temple_tempest_star
Lair:1:   lemuel_slime, layout_layer_cave
Lair:2:   layout_small_grid, guppyfry_snake_entry_island, uniq_erica, uniq_sonja
Lair:3:   layout_gridlike, infiniplex_staircase_pool_2, grunt_megastairs_2,
          minmay_lair_oklob_chamber
Lair:4:   layout_loops_ring, nicolae_swamp_entry_splash_gauntlet, wad_woods_02
Lair:5:   layout_cave_shapes, st_stairs_11, grunt_megastairs_3,
          lemuel_fruit_tree
Lair:6:   due_jungle_book, layout_regular_city, slime_altar_1,
          portal_ice_cave_entry_pillars_2, infiniplex_staircase_pool,
          grunt_megastairs_4
Swamp:1:  layout_basic_swamp, evilmike_swamp_ruin_rubble_1
Swamp:2:  layout_basic_swamp, evilmike_swamp_ruin_house_2
Swamp:3:  cheibrodos_swamp_heart_of_darkness, layout_basic_swamp,
          hangedman_swamp_ruin_wall, swamp_pool3
Swamp:4:  swamp_alternative, layout_basic_swamp, uniq_roxanne
Snake:1:  layout_gridlike, serial_shops, nicolae_shop_behind_doors
Snake:2:  nicolae_snake_nest, layout_rooms, uniq_vashnia, uniq_aizul, uniq_agnes
Snake:3:  layout_gridlike, basic_altar
Snake:4:  grunt_snake_rune_spirals, layout_onion_interference,
          ebering_ghost_reflecting_pool, st_stairs_11, drop_trap
Slime:1:  layout_caves, nicolae_slime_phagocytosis
Slime:2:  layout_caves
Slime:3:  layout_caves, cheibrodos_slime_lost_civilization_7
Slime:4:  layout_caves
Slime:5
Orc:1:    layout_caves, uniq_fannar
Orc:2:    st_orc_open, layout_caves, uniq_nessos
Vaults:1: hangedman_vaults_corner, nicolae_vaults_twisting_passages,
          nicolae_vaults_network_periphery, nicolae_vaults_inception_corners,
          grunt_vaults_trifunnel, nicolae_vaults_hallways_thing, v_misc_23,
          v_rooms_3, nicolae_vaults_little_squares_6, vaults_dpeg_hooks,
          v_misc_22, layout_vaults_omnibox
Vaults:2: vaults_dpeg_doors, st_quartered_hall, vaults_standard_mumra_lines,
          hangedman_vaults_maws, vaults_room_hallway, v_misc_29,
          v_alt_pattern_6, nicolae_vaults_alarming, nicolae_vaults_shelves_hall,
          layout_vaults_omnigrid, serial_shops, shop, uniq_margery,
          uniq_asterion
Vaults:3: v_misc_5, nicolae_vaults_stairing_the_circle,
          nicolae_vaults_diagonal_hallway_7, ontoclasm_vaults_loading_screen,
          minmay_crypt_entry_simple_box, nicolae_vaults_windows_and_doors_thing,
          v_alt_pattern_4, v_misc_24, nicolae_vaults_what_the_h,
          v_alt_pattern_2, v_misc_16, grunt_vaults_funnel,
          ontoclasm_vaults_fault, grunt_vaults_hallway_long,
          layout_vaults_omnicross, basic_altar, serial_shops,
          nicolae_shop_crystal
Vaults:4: nicolae_vaults_three_branches, grunt_vaults_swirl,
          grunt_vaults_bifocal, v_misc_2, v_misc_1, vaults_mumra_hex,
          vaults_standard_mumra_enter_the_diamond, v_misc_19,
          ontoclasm_vaults_loading_screen, vaults_dpeg_diagonal,
          layout_vaults_chaotic_city
Vaults:5: serial_shops
Depths:1: layout_cave_shapes, hell_entry, rand_demon_pan_entry_8,
          serial_bayou_pond_e, abyss_entry, hangedman_decor_points,
          kilobyte_mutagenic_chamber
Depths:2: gammafunk_jiyva_shrine, layout_basic, nicolae_water_bricks,
          pf_hell_entry_tar_spiral, abyss_entry, minivault_16,
          ebering_dispersal_statue_hall, serial_bayou_shore_b,
          infiniplex_staircase_diamond
Depths:3: gammafunk_sealed_arena, layout_cave_pools, enter_ziggurat_e,
          nrook_pool_corridor, grunt_hell_entry_dis_grunt, pan_entry,
          serial_glass, glass_columns_b, glass_columns_a, serial_bayou_pond_b,
          nicolae_elemental_shop, dispersion_dpeg,
          infiniplex_staircase_zigzag_1, serial_bayou_shore_b,
          serial_bayou_shore_b
Depths:4: minmay_nine_rooms, layout_honeycomb, abyss_entry, lemuel_statue_altar,
          hellmouth_3, infiniplex_staircase_x, uniq_mara, uniq_jory
Depths:5: grunt_zot_entry_tricorne, layout_cave_pools, grunt_pan_entry_sceptre,
          abyss_entry, hell_entry, kennysheep_doodads
Zot:1:    layout_gridlike, hangedman_snap_crack_crunch, grunt_megastairs_1,
          uniq_tiamat
Zot:2:    layout_twisted_circle
Zot:3:    layout_onion_interference, bh_zot_levy_curve
Zot:4:    layout_misc_corridors, nicolae_lava_and_water
Zot:5:    layout_misc_corridors

Skill      XL: |  1  2  3  4  5  6  7  8  9 10 11 12 13 14 15 16 17 18 19 20 21 22 23 24 25 26 27 |
---------------+----------------------------------------------------------------------------------+-----
Axes           | 3 4 5 7 9 10 12 14 15 17 19 22 25 26 27 | 27.0
Fighting       | 5 6 10 12 14 18 20 22 23 26 27 | 27.0
Shields        | 5 6 10 12 15 | 15.0
Armour         | 5 8 10 13 14 16 18 20 22 24 26 27 | 27.0
Evocations     | 4 0 |  0.0
Dodging        | 1 6 8 10 12 15 17 20 22 23 | 23.9
Maces & Flails | 3 |  3.5

Action                   |  1- 3 |  4- 6 |  7- 9 | 10-12 | 13-15 | 16-18 | 19-21 | 22-24 | 25-27 || total
-------------------------+-------+-------+-------+-------+-------+-------+-------+-------+-------++-------
Melee: War axe           |    77 |    66 |   284 |   260 |   111 |  1317 |   189 |       |       ||  2304
       Headbutt          |     8 |     9 |    39 |   124 |   283 |   324 |   358 |   318 |   199 ||  1662
       Hand axe          |       |       |       |   355 |  1021 |    11 |   100 |       |       ||  1487
       Flail             |       |       |       |     9 |    19 |       |       |       |       ||    28
       Broad axe         |       |       |       |       |       |       |  1173 |  1033 |   702 ||  2908
Throw: Dart              |       |       |     1 |       |       |       |       |       |       ||     1
       Throwing net      |       |       |       |       |       |       |       |     1 |       ||     1
Invok: Sacrifice Resista |       |       |     1 |       |       |       |       |       |       ||     1
       Draw Out Power    |       |       |       |     1 |     2 |     2 |       |     3 |       ||     8
       Sacrifice Artific |       |       |       |     1 |       |       |       |       |       ||     1
       Apocalypse        |       |       |       |     1 |     7 |     5 |    10 |     7 |     6 ||    36
       Sacrifice Purity  |       |       |       |     1 |       |       |       |       |       ||     1
       Sacrifice Arcana  |       |       |       |     1 |       |       |       |       |       ||     1
Evoke: Wand              |       |     2 |     3 |    14 |       |       |       |       |       ||    19
  Use: Potion            |       |     1 |     5 |     1 |     2 |     5 |     1 |    15 |    14 ||    44
       Scroll            |       |       |     5 |    10 |    15 |     7 |    10 |    19 |    18 ||    84
 Stab: Paralysed         |       |     4 |       |     9 |    29 |    13 |    19 |    30 |    10 ||   114
       Distracted        |       |       |     1 |       |     3 |     4 |     8 |    10 |     4 ||    30
       Invisible         |       |       |       |     5 |    14 |    17 |     5 |     7 |    17 ||    65
       Petrified         |       |       |       |       |     5 |       |       |       |       ||     5
       Confused          |       |       |       |       |       |       |     1 |       |       ||     1
  Eat: Chunk             |     1 |     6 |    10 |    16 |    25 |     8 |    16 |     7 |     3 ||    92
       Ration            |       |       |     2 |     2 |     2 |     7 |     9 |     8 |     6 ||    36
Armor: Scale mail        |    51 |    20 |    20 |       |       |       |       |       |       ||    91
       Chain mail        |       |       |    97 |   243 |   276 |    80 |       |       |       ||   696
       Plate armour      |       |       |       |       |       |   264 |   403 |     6 |       ||   673
       Quicksilver drago |       |       |       |       |       |       |       |   159 |       ||   159
       Gold dragon scale |       |       |       |       |       |       |       |    37 |   153 ||   190
       Skin              |       |       |       |       |       |       |       |       |    34 ||    34
Dodge: Dodged            |    28 |    25 |    94 |   206 |   266 |   324 |   521 |   364 |   328 ||  2156
Block: Shield            |    36 |    31 |    13 |       |   402 |   658 |   757 |   502 |   409 ||  2808
       Buckler           |       |       |    51 |   116 |    28 |       |       |       |       ||   195
       Reflection        |       |       |       |       |     8 |    93 |    78 |    67 |     6 ||   252

Table legend:
 A = Turns spent in this place as a percentage of turns spent in the entire game.
 B = Non-inter-level travel turns spent in this place as a percentage of non-inter-level travel turns spent in the entire game.
 C = Inter-level travel turns spent in this place as a percentage of turns spent in this place.
 D = Turns resting spent in this place as a percentage of non-inter-level travel turns spent in this place.
 E = Turns spent auto-exploring this place as a percentage of non-inter-level travel turns spent in this place.
 F = Non-inter-level travel turns spent in this place divided by the number of levels of this place that you've seen.
                   A       B       C       D       E      F
               +-------+-------+-------+-------+-------+----------------------
         Total | 100.0 | 100.0 |   8.9 |  36.0 |  40.7 | 1115.8
       Dungeon |  28.1 |  26.7 |  13.3 |  29.0 |  52.1 | 1072.5
        Temple |   0.1 |   0.1 |  16.2 |   0.0 |  51.6 |  31.0
          Lair |  10.1 |   9.6 |  13.2 |  14.4 |  65.5 | 968.0
         Swamp |   6.7 |   7.1 |   3.6 |  42.1 |  36.8 | 1066.0
     Snake Pit |   8.6 |   9.0 |   4.8 |  37.1 |  34.4 | 1350.8
    Slime Pits |   2.1 |   2.2 |   5.7 |  47.5 |   0.0 | 267.6
  Orcish Mines |   2.6 |   2.6 |   7.8 |  36.4 |  42.0 | 782.0
        Vaults |  18.0 |  17.9 |   9.3 |  41.0 |  36.9 | 2157.0
        Depths |  13.4 |  13.9 |   5.8 |  44.1 |  33.9 | 1672.6
           Zot |   8.7 |   9.1 |   4.3 |  45.3 |  25.9 | 1102.4
         Abyss |   0.2 |   0.2 |   0.0 |   0.0 |   0.0 | 140.0
      Ice Cave |   1.4 |   1.6 |   0.0 |  60.1 |   2.0 | 958.0
               +-------+-------+-------+-------+-------+----------------------

Table legend:
 A = Kills in this place as a percentage of kills in entire the game.
 B = Kills by you in this place as a percentage of kills by you in the entire game.
 C = Kills by friends in this place as a percentage of kills by friends in the entire game.
 D = Other kills in this place as a percentage of other kills in the entire game.
 E = Experience gained in this place as a percentage of experience gained in the entire game.
 F = Experience gained in this place divided by the number of levels of this place that you have seen.
                   A       B       C       D       E      F
               +-------+-------+-------+-------+-------+----------------------
         Total | 100.0 | 100.0 | 100.0 | 100.0 | 100.0 | 28753.7
       Dungeon |  21.2 |  21.4 |   0.0 |  13.6 |   6.9 | 7172.9
          Lair |   6.7 |   6.8 | 100.0 |   0.0 |   3.0 | 7717.3
         Swamp |   7.0 |   7.1 |   0.0 |   3.4 |   5.0 | 19248.0
     Snake Pit |  10.2 |  10.1 |   0.0 |  13.6 |   8.5 | 32917.8
    Slime Pits |   4.2 |   4.3 |   0.0 |   0.0 |   5.2 | 16246.0
  Orcish Mines |   4.9 |   5.0 |   0.0 |   0.0 |   1.7 | 13333.0
        Vaults |  21.4 |  21.4 |   0.0 |  22.0 |  24.5 | 76073.8
        Depths |  16.5 |  15.9 |   0.0 |  37.3 |  21.9 | 68042.4
           Zot |   6.8 |   6.8 |   0.0 |  10.2 |  22.8 | 70662.4
         Abyss |   0.4 |   0.4 |   0.0 |   0.0 |   0.3 | 4916.0
      Ice Cave |   0.8 |   0.8 |   0.0 |   0.0 |   0.2 | 3432.0
               +-------+-------+-------+-------+-------+----------------------

Levels and vault maps discovered:
D:1:      dpeg_arrival_fog, layout_basic, minmay_misc_feat_enclosed
D:2:      layout_basic, lemuel_doored_altar, old_standard_altar, serial_glass,
          glass_columns_c, glass_columns_b
D:3:      layout_basic, uniq_jessica
D:4:      black_bear_nest_1, layout_layer_cave, st_stairs_1,
          kennysheep_small_circle
D:5:      layout_cave_pods, kiku_gazebo_pond_becter, first_ration, uniq_grinder
D:6:      layout_loops_corners, lightli_temple_of_fire, serial_shops,
          shop_statue
D:7:      layout_basic, minmay_temple_entry_sparse_star, the_bakery,
          minmay_alternating_orb, uniq_menkaure
D:8:      layout_loops_cross
D:9:      layout_roguey, uniq_harold
D:10:     layout_roguey, erik_orc_4, jmf_multi_god_temple
D:11:     layout_roguey, due_lair_maze_entry_diamond, serial_shops,
          nicolae_shop_stone
D:12:     layout_basic, nicolae_dithmenos_the_darkroom
D:13:     layout_rooms, ebering_ghost_funeral_grove, lemuel_tele_altar,
          uniq_frances
D:14:     layout_small_grid, ximxim_vaults_locker_room, serial_shops,
          nicolae_shop_waterfront, shop_fountains, shop, nicolae_shop_stone,
          shop_statue, fedhas_altar_2, roderic_roman_lattice, st_stairs_11,
          argonaut_gorgonesque
D:15:     grunt_enter_depths_hoard, layout_basic, gammafunk_ghost_cemetery,
          lemuel_round_altar
Temple:   hc_temple_tempest_star
Lair:1:   lemuel_slime, layout_layer_cave
Lair:2:   layout_small_grid, guppyfry_snake_entry_island, uniq_erica, uniq_sonja
Lair:3:   layout_gridlike, infiniplex_staircase_pool_2, grunt_megastairs_2,
          minmay_lair_oklob_chamber
Lair:4:   layout_loops_ring, nicolae_swamp_entry_splash_gauntlet, wad_woods_02
Lair:5:   layout_cave_shapes, st_stairs_11, grunt_megastairs_3,
          lemuel_fruit_tree
Lair:6:   due_jungle_book, layout_regular_city, slime_altar_1,
          portal_ice_cave_entry_pillars_2, infiniplex_staircase_pool,
          grunt_megastairs_4
Swamp:1:  layout_basic_swamp, evilmike_swamp_ruin_rubble_1
Swamp:2:  layout_basic_swamp, evilmike_swamp_ruin_house_2
Swamp:3:  cheibrodos_swamp_heart_of_darkness, layout_basic_swamp,
          hangedman_swamp_ruin_wall, swamp_pool3
Swamp:4:  swamp_alternative, layout_basic_swamp, uniq_roxanne
Snake:1:  layout_gridlike, serial_shops, nicolae_shop_behind_doors
Snake:2:  nicolae_snake_nest, layout_rooms, uniq_vashnia, uniq_aizul, uniq_agnes
Snake:3:  layout_gridlike, basic_altar
Snake:4:  grunt_snake_rune_spirals, layout_onion_interference,
          ebering_ghost_reflecting_pool, st_stairs_11, drop_trap
Slime:1:  layout_caves, nicolae_slime_phagocytosis
Slime:2:  layout_caves
Slime:3:  layout_caves, cheibrodos_slime_lost_civilization_7
Slime:4:  layout_caves
Slime:5
Orc:1:    layout_caves, uniq_fannar
Orc:2:    st_orc_open, layout_caves, uniq_nessos
Vaults:1: hangedman_vaults_corner, nicolae_vaults_twisting_passages,
          nicolae_vaults_network_periphery, nicolae_vaults_inception_corners,
          grunt_vaults_trifunnel, nicolae_vaults_hallways_thing, v_misc_23,
          v_rooms_3, nicolae_vaults_little_squares_6, vaults_dpeg_hooks,
          v_misc_22, layout_vaults_omnibox
Vaults:2: vaults_dpeg_doors, st_quartered_hall, vaults_standard_mumra_lines,
          hangedman_vaults_maws, vaults_room_hallway, v_misc_29,
          v_alt_pattern_6, nicolae_vaults_alarming, nicolae_vaults_shelves_hall,
          layout_vaults_omnigrid, serial_shops, shop, uniq_margery,
          uniq_asterion
Vaults:3: v_misc_5, nicolae_vaults_stairing_the_circle,
          nicolae_vaults_diagonal_hallway_7, ontoclasm_vaults_loading_screen,
          minmay_crypt_entry_simple_box, nicolae_vaults_windows_and_doors_thing,
          v_alt_pattern_4, v_misc_24, nicolae_vaults_what_the_h,
          v_alt_pattern_2, v_misc_16, grunt_vaults_funnel,
          ontoclasm_vaults_fault, grunt_vaults_hallway_long,
          layout_vaults_omnicross, basic_altar, serial_shops,
          nicolae_shop_crystal
Vaults:4: nicolae_vaults_three_branches, grunt_vaults_swirl,
          grunt_vaults_bifocal, v_misc_2, v_misc_1, vaults_mumra_hex,
          vaults_standard_mumra_enter_the_diamond, v_misc_19,
          ontoclasm_vaults_loading_screen, vaults_dpeg_diagonal,
          layout_vaults_chaotic_city
Vaults:5: serial_shops
Depths:1: layout_cave_shapes, hell_entry, rand_demon_pan_entry_8,
          serial_bayou_pond_e, abyss_entry, hangedman_decor_points,
          kilobyte_mutagenic_chamber
Depths:2: gammafunk_jiyva_shrine, layout_basic, nicolae_water_bricks,
          pf_hell_entry_tar_spiral, abyss_entry, minivault_16,
          ebering_dispersal_statue_hall, serial_bayou_shore_b,
          infiniplex_staircase_diamond
Depths:3: gammafunk_sealed_arena, layout_cave_pools, enter_ziggurat_e,
          nrook_pool_corridor, grunt_hell_entry_dis_grunt, pan_entry,
          serial_glass, glass_columns_b, glass_columns_a, serial_bayou_pond_b,
          nicolae_elemental_shop, dispersion_dpeg,
          infiniplex_staircase_zigzag_1, serial_bayou_shore_b,
          serial_bayou_shore_b
Depths:4: minmay_nine_rooms, layout_honeycomb, abyss_entry, lemuel_statue_altar,
          hellmouth_3, infiniplex_staircase_x, uniq_mara, uniq_jory
Depths:5: grunt_zot_entry_tricorne, layout_cave_pools, grunt_pan_entry_sceptre,
          abyss_entry, hell_entry, kennysheep_doodads
Zot:1:    layout_gridlike, hangedman_snap_crack_crunch, grunt_megastairs_1,
          uniq_tiamat
Zot:2:    layout_twisted_circle
Zot:3:    layout_onion_interference, bh_zot_levy_curve
Zot:4:    layout_misc_corridors, nicolae_lava_and_water
Zot:5:    layout_misc_corridors
